| TOP OF THE 1ST |
|
Los Angeles Dodgers batting - Pitching for Houston Astros : LHP Jimmy Edlin
|
|
Pitching: LHP Jimmy Edlin
|
|
|
Batting: RHB Tim Nettles
|
0-0: Ball 1-0: Ball 2-0: Swinging Strike 2-1: Ball 3-1: Base on Balls
|
|
Batting: SHB Shane Marcum
|
0-0: SINGLE (Line Drive, 8RS, EV 103.1 MPH) Tim Nettles to second
|
|
Batting: LHB Lirak Bazhunaishvili
|
0-0: Ball 1-0: Ball 2-0: Ball 3-0: Base on Balls Tim Nettles to third Shane Marcum to second
|
|
Batting: RHB Clay Buchanan
|
0-0: Fly out, F7 (Line Drive, 7LS, EV 93.1 MPH)
|
|
Batting: SHB Joel Baker
|
0-0: Ball 1-0: Called Strike 1-1: Ball 2-1: Ball 3-1: Called Strike 3-2: Foul Ball, location: 2F 3-2: SINGLE (Groundball, 56D, EV 97.5 MPH) Tim Nettles scores Shane Marcum to third Lirak Bazhunaishvili to second
|
|
Batting: RHB Danny Dyer
|
0-0: Called Strike 0-1: Ball 1-1: Ball 2-1: Foul Ball, location: 2F 2-2: Strikes out looking
|
|
Batting: RHB Tsutomu Irie
|
0-0: Called Strike 0-1: Ball 1-1: Foul Ball, location: 2F 1-2: Foul Ball, location: 2F 1-2: Strikes out looking
|
| Top of the 1st over - 1 run, 2 hits, 0 errors, 3 left on base; Los Angeles 1 - Houston 0 |
| BOTTOM OF THE 1ST |
|
Houston Astros batting - Pitching for Los Angeles Dodgers : RHP Justin Scheithauer
|
|
Pitching: RHP Justin Scheithauer
|
|
|
Batting: LHB Josh Corkery
|
0-0: Called Strike 0-1: Ball 1-1: Swinging Strike 1-2: Fly out, F9 (Line Drive, 9, EV 88.1 MPH)
|
|
Batting: LHB Eric Katz
|
0-0: Swinging Strike 0-1: Ball 1-1: Fly out, F6 (Popup, 6MD, EV 52.5 MPH)
|
|
Batting: LHB Bryce Hill
|
0-0: Called Strike 0-1: Ball 1-1: Ball 2-1: Called Strike 2-2: Strikes out looking
|
| Bottom of the 1st over - 0 runs, 0 hits, 0 errors, 0 left on base; Los Angeles 1 - Houston 0 |
| TOP OF THE 2ND |
|
Los Angeles Dodgers batting - Pitching for Houston Astros : LHP Jimmy Edlin
|
|
Batting: RHB Wing-kit Bu
|
0-0: Called Strike 0-1: Ball 1-1: Foul Ball, location: 2F 1-2: Ball 2-2: Ball 3-2: Strikes out swinging
|
|
Batting: SHB Benjamin Brown
|
0-0: Foul Ball, location: 2F 0-1: Ball 1-1: Ground out U3 (Groundball, 34S, EV 85.6 MPH)
|
|
Batting: RHB Tim Nettles
|
0-0: Foul Ball, location: 2F 0-1: Ball 1-1: Ball 2-1: Ball 3-1: Base on Balls
|
|
Batting: SHB Shane Marcum
|
0-0: Foul Ball, location: 2F 0-1: Called Strike 0-2: Foul Ball, location: 2F 0-2: Ball 1-2: Foul Ball, location: 2F 1-2: Fly out, F4 (Popup, 4, EV 75.6 MPH)
|
| Top of the 2nd over - 0 runs, 0 hits, 0 errors, 1 left on base; Los Angeles 1 - Houston 0 |
| BOTTOM OF THE 2ND |
|
Houston Astros batting - Pitching for Los Angeles Dodgers : RHP Justin Scheithauer
|
|
Batting: RHB Elijah Hunter
|
0-0: SINGLE (Line Drive, 6D, EV 104.4 MPH)
|
|
Batting: LHB Jack Christie
|
0-0: Foul Ball, location: 2F 0-1: Hit by Pitch Elijah Hunter to second
|
|
Batting: RHB Jeremy Trump
|
0-0: Ball 1-0: Fly out, F8 (Flyball, 8RD, EV 108.1 MPH)
|
|
Batting: SHB Joe Gardner
|
0-0: Called Strike 0-1: Foul Ball, location: 2F 0-2: SINGLE (Line Drive, 3D, EV 95.6 MPH) Elijah Hunter to third Jack Christie to second Runner from 3rd tries for Home, SAFE, throw by RF to home
|
|
Batting: RHB Eric Chotkowski
|
0-0: Ball 1-0: Ball 2-0: Ball 3-0: Base on Balls Jack Christie to third Joe Gardner to second
|
|
Batting: RHB Mark Marks
|
0-0: Foul Ball, location: 2F 0-1: SINGLE (Line Drive, 8RS, EV 100.6 MPH) Jack Christie scores Joe Gardner to third Eric Chotkowski to second Runner from 3rd tries for Home, SAFE, throw by CF to home Eric Chotkowski to third Mark Marks to second
|
|
Batting: LHB Josh Corkery
|
0-0: Called Strike 0-1: Called Strike 0-2: Strikes out swinging
|
|
Batting: LHB Eric Katz
|
0-0: Ball 1-0: Fly out, F8 (Flyball, 78D, EV 98.1 MPH)
|
| Bottom of the 2nd over - 3 runs, 3 hits, 0 errors, 2 left on base; Los Angeles 1 - Houston 3 |
| TOP OF THE 3RD |
|
Los Angeles Dodgers batting - Pitching for Houston Astros : LHP Jimmy Edlin
|
|
Batting: LHB Lirak Bazhunaishvili
|
0-0: Fly out, F6 (Popup, 6M, EV 52.5 MPH)
|
|
Batting: RHB Clay Buchanan
|
0-0: Called Strike 0-1: Foul Ball, location: 2F 0-2: Foul Ball, location: 2F 0-2: Ground out 6-3 (Groundball, 6, EV 95.0 MPH)
|
|
Batting: SHB Joel Baker
|
0-0: Foul Ball, location: 2F 0-1: Ball 1-1: Ball 2-1: Foul Ball, location: 2F 2-2: Fly out, F9 (Flyball, 89D, EV 102.5 MPH)
|
| Top of the 3rd over - 0 runs, 0 hits, 0 errors, 0 left on base; Los Angeles 1 - Houston 3 |
| BOTTOM OF THE 3RD |
|
Houston Astros batting - Pitching for Los Angeles Dodgers : RHP Justin Scheithauer
|
|
Batting: LHB Bryce Hill
|
0-0: Swinging Strike 0-1: Foul Ball, location: 2F 0-2: Strikes out swinging
|
|
Batting: RHB Elijah Hunter
|
0-0: Ball 1-0: Called Strike 1-1: Ball 2-1: Ground out 6-3 (Groundball, 56D, EV 86.2 MPH)
|
|
Batting: LHB Jack Christie
|
0-0: Ball 1-0: Swinging Strike 1-1: Foul Ball, location: 2F 1-2: Ball 2-2: Foul Ball, location: 2F 2-2: Foul Ball, location: 2F 2-2: Ball 3-2: Fly out, F7 (Line Drive, 7, EV 86.2 MPH)
|
| Bottom of the 3rd over - 0 runs, 0 hits, 0 errors, 0 left on base; Los Angeles 1 - Houston 3 |
| TOP OF THE 4TH |
|
Los Angeles Dodgers batting - Pitching for Houston Astros : LHP Jimmy Edlin
|
|
Batting: RHB Danny Dyer
|
0-0: Ball 1-0: Ball 2-0: SOLO HOME RUN (Flyball, 7LD, EV 98.8 MPH), Distance : 388 ft
|
|
Batting: RHB Tsutomu Irie
|
0-0: Called Strike 0-1: Ball 1-1: Ball 2-1: Foul Ball, location: 2F 2-2: Strikes out swinging
|
|
Batting: RHB Wing-kit Bu
|
0-0: Ball 1-0: Called Strike 1-1: Ball 2-1: Foul Ball, location: 2F 2-2: Ball 3-2: Base on Balls
|
|
Batting: SHB Benjamin Brown
|
0-0: Ball 1-0: Foul Ball, location: 2F 1-1: Grounds into double play, 6-4-3 (Groundball, 6, EV 83.1 MPH)
|
| Top of the 4th over - 1 run, 1 hit, 0 errors, 0 left on base; Los Angeles 2 - Houston 3 |
| BOTTOM OF THE 4TH |
|
Houston Astros batting - Pitching for Los Angeles Dodgers : RHP Justin Scheithauer
|
|
Batting: RHB Jeremy Trump
|
0-0: Swinging Strike 0-1: Ball 1-1: Called Strike 1-2: Ball 2-2: Ball 3-2: Foul Ball, location: 2F 3-2: SINGLE (Flyball, 34D, EV 85.6 MPH)
|
|
Batting: SHB Joe Gardner
|
0-0: Called Strike 0-1: Swinging Strike Passed Ball! Jeremy Trump to second 0-2: Foul Ball, location: 2F 0-2: SINGLE (Groundball, 34D, EV 96.9 MPH) Jeremy Trump to third Runner from 3rd tries for Home, SAFE, throw by RF to home
|
|
Batting: RHB Eric Chotkowski
|
0-0: Ball 1-0: Called Strike 1-1: SINGLE (Flyball, 8RS, EV 87.5 MPH) Joe Gardner to second
|
|
Batting: RHB Mark Marks
|
0-0: Ball 1-0: Called Strike 1-1: Called Strike 1-2: Foul Ball, location: 2F 1-2: Strikes out swinging
|
|
Batting: LHB Josh Corkery
|
0-0: Ball 1-0: Foul Ball, location: 2F 1-1: Ball 2-1: Ball 3-1: Fielders Choice at 2nd, 1-6 (Groundball, 13S, EV 68.1 MPH) Joe Gardner to third
|
|
Batting: LHB Eric Katz
|
0-0: Swinging Strike 0-1: Called Strike 0-2: Ball 1-2: Foul Ball, location: 2F 1-2: SINGLE (Flyball, 9LS, EV 76.9 MPH) Joe Gardner scores Josh Corkery to second Runner from 2nd tries for 3rd, SAFE, no throw by RF
|
|
Pitching: RHP Nate Allen
|
|
|
Batting: LHB Bryce Hill
|
0-0: Foul Ball, location: 2F 0-1: Ball 1-1: Ball 2-1: SINGLE (Line Drive, 8RS, EV 106.9 MPH) Josh Corkery scores Eric Katz to second
|
|
Batting: RHB Elijah Hunter
|
0-0: Ball Eric Katz steals 3rd base 1-0: Ball 2-0: Called Strike 2-1: Fly out, F3 (Popup, 3S, EV 83.1 MPH)
|
| Bottom of the 4th over - 3 runs, 5 hits, 0 errors, 2 left on base; Los Angeles 2 - Houston 6 |
| TOP OF THE 5TH |
|
Los Angeles Dodgers batting - Pitching for Houston Astros : LHP Jimmy Edlin
|
|
Batting: RHB Tim Nettles
|
0-0: SINGLE (Groundball, 56D, EV 109.4 MPH)
|
|
Batting: SHB Shane Marcum
|
0-0: Swinging Strike 0-1: Foul Ball, location: 2F 0-2: Ball 1-2: Ball Tim Nettles steals 2nd, throwing error, E2 Tim Nettles to third 2-2: Foul Ball, location: 2F 2-2: Fly out, F8 (Flyball, 8LD, EV 89.4 MPH) Runner from 3rd tags up, OUT at HOME! 8-2
|
|
Batting: LHB Lirak Bazhunaishvili
|
0-0: Called Strike 0-1: Called Strike 0-2: Foul Ball, location: 2F 0-2: Ball 1-2: Strikes out swinging passed ball, reaches first!
|
|
Batting: RHB Clay Buchanan
|
0-0: Fielders Choice at 2nd, 5-4 (Groundball, 56, EV 89.4 MPH)
|
| Top of the 5th over - 0 runs, 1 hit, 1 error, 1 left on base; Los Angeles 2 - Houston 6 |
| BOTTOM OF THE 5TH |
|
Houston Astros batting - Pitching for Los Angeles Dodgers : RHP Nate Allen
|
|
Batting: LHB Jack Christie
|
0-0: Called Strike 0-1: Ball 1-1: Ground out U3 (Groundball, 34, EV 105.6 MPH)
|
|
Batting: RHB Jeremy Trump
|
0-0: Ball 1-0: Fly out, F9 (Flyball, 9S, EV 80.6 MPH)
|
|
Batting: SHB Joe Gardner
|
0-0: Ground out 4-3 (Groundball, 34D, EV 86.9 MPH)
|
| Bottom of the 5th over - 0 runs, 0 hits, 0 errors, 0 left on base; Los Angeles 2 - Houston 6 |
| TOP OF THE 6TH |
|
Los Angeles Dodgers batting - Pitching for Houston Astros : LHP Jimmy Edlin
|
|
Batting: SHB Joel Baker
|
0-0: Foul Ball, location: 2F 0-1: SINGLE (Line Drive, 56D, EV 97.5 MPH)
|
|
Batting: RHB Danny Dyer
|
0-0: Ball 1-0: Ball 2-0: Called Strike 2-1: Ground out 5-3 (Groundball, 56S, EV 73.8 MPH) Joel Baker to second
|
|
Batting: RHB Tsutomu Irie
|
0-0: Ball 1-0: Ball 2-0: Swinging Strike 2-1: Foul Ball, location: 2F 2-2: Ball 3-2: Base on Balls
|
|
Batting: RHB Wing-kit Bu
|
0-0: Called Strike 0-1: Swinging Strike 0-2: Ball 1-2: Ball 2-2: Strikes out swinging
|
|
Pitching: RHP Jordan Tejeda
|
|
|
Batting: SHB Benjamin Brown
|
0-0: Foul Ball, location: 2F 0-1: Ball 1-1: Foul Ball, location: 2F 1-2: Foul Ball, location: 2F 1-2: Strikes out swinging
|
| Top of the 6th over - 0 runs, 1 hit, 0 errors, 2 left on base; Los Angeles 2 - Houston 6 |
| BOTTOM OF THE 6TH |
|
Houston Astros batting - Pitching for Los Angeles Dodgers : RHP Nate Allen
|
|
Batting: RHB Eric Chotkowski
|
0-0: Ball 1-0: Ball 2-0: Called Strike 2-1: Foul Ball, location: 2F 2-2: Foul Ball, location: 2F 2-2: Fly out, F7 (Flyball, 78S, EV 90.6 MPH)
|
|
Batting: RHB Mark Marks
|
0-0: Ball 1-0: Foul Ball, location: 2F 1-1: Ball 2-1: Fly out, F9 (Flyball, 89S, EV 91.2 MPH)
|
|
Batting: LHB Josh Corkery
|
0-0: Ball 1-0: Ball 2-0: Called Strike 2-1: Fly out, F8 (Flyball, 8RD, EV 96.9 MPH)
|
| Bottom of the 6th over - 0 runs, 0 hits, 0 errors, 0 left on base; Los Angeles 2 - Houston 6 |
| TOP OF THE 7TH |
|
Los Angeles Dodgers batting - Pitching for Houston Astros : RHP Jordan Tejeda
|
|
Batting: RHB Tim Nettles
|
0-0: Ball 1-0: Ball 2-0: Ball 3-0: Called Strike 3-1: Foul Ball, location: 2F 3-2: Strikes out swinging
|
|
Batting: SHB Shane Marcum
|
0-0: Foul Ball, location: 2F 0-1: Swinging Strike 0-2: Ball 1-2: Ball 2-2: SOLO HOME RUN (Flyball, 89XD, EV 110.0 MPH), Distance : 415 ft
|
|
Batting: LHB Lirak Bazhunaishvili
|
0-0: Swinging Strike 0-1: Ball 1-1: Foul Ball, location: 2F 1-2: Foul Ball, location: 2F 1-2: Ball 2-2: Ball 3-2: Ground out 4-3 (Groundball, 4, EV 86.9 MPH)
|
|
Batting: RHB Clay Buchanan
|
0-0: SOLO HOME RUN (Flyball, 7LD, EV 97.5 MPH), Distance : 363 ft
|
|
Batting: SHB Joel Baker
|
0-0: Fly out, F9 (Line Drive, 9D, EV 87.5 MPH)
|
| Top of the 7th over - 2 runs, 2 hits, 0 errors, 0 left on base; Los Angeles 4 - Houston 6 |
| BOTTOM OF THE 7TH |
|
Houston Astros batting - Pitching for Los Angeles Dodgers : RHP Nate Allen
|
|
Pitching: RHP Craig Fallon
|
|
|
Batting: LHB Eric Katz
|
0-0: Swinging Strike 0-1: Called Strike 0-2: Ball 1-2: Strikes out swinging
|
|
Batting: LHB Bryce Hill
|
0-0: Called Strike 0-1: Called Strike 0-2: Ball 1-2: Foul Ball, location: 2F 1-2: Ball 2-2: Ball 3-2: Strikes out swinging
|
|
Batting: RHB Elijah Hunter
|
0-0: Ball 1-0: Called Strike 1-1: Ball 2-1: Ground out 6-3 (Groundball, 6, EV 83.8 MPH)
|
| Bottom of the 7th over - 0 runs, 0 hits, 0 errors, 0 left on base; Los Angeles 4 - Houston 6 |
| TOP OF THE 8TH |
|
Los Angeles Dodgers batting - Pitching for Houston Astros : RHP Jordan Tejeda
|
|
Pitching: LHP Lance Crumpton
|
|
|
Batting: RHB Danny Dyer
|
0-0: Ground out 6-3 (Groundball, 6M, EV 102.5 MPH)
|
|
Batting: RHB Tsutomu Irie
|
0-0: Called Strike 0-1: Called Strike 0-2: Strikes out swinging
|
|
Batting: RHB Wing-kit Bu
|
0-0: Ball 1-0: Ball 2-0: Called Strike 2-1: Ball 3-1: SOLO HOME RUN (Flyball, 7D, EV 102.5 MPH), Distance : 425 ft
|
|
Batting: SHB Benjamin Brown
|
0-0: Ball 1-0: Called Strike 1-1: Ground out U3 (Groundball, 3, EV 80.6 MPH)
|
| Top of the 8th over - 1 run, 1 hit, 0 errors, 0 left on base; Los Angeles 5 - Houston 6 |
| BOTTOM OF THE 8TH |
|
Houston Astros batting - Pitching for Los Angeles Dodgers : RHP Craig Fallon
|
|
Pitching: LHP Gavin White
|
|
|
Batting: LHB Jack Christie
|
0-0: Swinging Strike 0-1: Foul Ball, location: 2F 0-2: Ball 1-2: Ball 2-2: Strikes out looking
|
|
Batting: RHB Jeremy Trump
|
0-0: Ground out U3 (Groundball, 34S, EV 81.9 MPH)
|
|
Batting: SHB Joe Gardner
|
0-0: Ball 1-0: Fly out, F9 (Flyball, 9, EV 93.1 MPH)
|
| Bottom of the 8th over - 0 runs, 0 hits, 0 errors, 0 left on base; Los Angeles 5 - Houston 6 |
| TOP OF THE 9TH |
|
Los Angeles Dodgers batting - Pitching for Houston Astros : LHP Lance Crumpton
|
|
Pitching: LHP Brian Thomas
|
|
|
Batting: RHB Tim Nettles
|
0-0: Ball 1-0: Ball 2-0: Ball 3-0: Base on Balls
|
|
Batting: SHB Shane Marcum
|
0-0: Ball 1-0: Called Strike 1-1: Called Strike 1-2: Ball 2-2: Fly out, F8 (Flyball, 8LXD, EV 108.8 MPH)
|
|
Batting: LHB Lirak Bazhunaishvili
|
0-0: Ball 1-0: Called Strike 1-1: Ball 2-1: Swinging Strike 2-2: Strikes out swinging
|
|
Batting: RHB Clay Buchanan
|
0-0: Ball 1-0: Ball 2-0: Ball 3-0: DOUBLE (Line Drive, 9LD, EV 103.8 MPH) Tim Nettles to third Runner from 3rd tries for Home, SAFE, throw by RF to trailing runner, SAFE at third!
|
|
Batting: SHB Joel Baker
|
0-0: Ball 1-0: Swinging Strike 1-1: Ball 2-1: Called Strike 2-2: Foul Ball, location: 2F 2-2: Ground out 4-3 (Groundball, 4, EV 90.6 MPH)
|
| Top of the 9th over - 1 run, 1 hit, 0 errors, 1 left on base; Los Angeles 6 - Houston 6 |
| BOTTOM OF THE 9TH |
|
Houston Astros batting - Pitching for Los Angeles Dodgers : LHP Gavin White
|
|
Batting: RHB Eric Chotkowski
|
0-0: Ball 1-0: Swinging Strike 1-1: Called Strike 1-2: Ball 2-2: Ground out 2-3 (Groundball, 13S, EV 71.9 MPH)
|
|
Batting: RHB Mark Marks
|
0-0: Swinging Strike 0-1: Ball 1-1: Called Strike 1-2: Ball 2-2: Foul Ball, location: 2F 2-2: Strikes out swinging
|
|
Pinch Hitting: RHB Danny Merrill
|
0-0: Called Strike 0-1: Ball 1-1: Called Strike 1-2: Fly out, F6 (Popup, 6MD, EV 49.4 MPH)
|
| Bottom of the 9th over - 0 runs, 0 hits, 0 errors, 0 left on base; Los Angeles 6 - Houston 6 |
| TOP OF THE 10TH |
|
Los Angeles Dodgers batting - Pitching for Houston Astros : LHP Brian Thomas
|
|
Now at 2B: Danny Merrill
|
|
|
Now at SS: Jeremy Trump
|
|
|
Batting: RHB Danny Dyer
|
0-0: Called Strike 0-1: Foul Ball, location: 2F 0-2: Strikes out swinging
|
|
Batting: RHB Tsutomu Irie
|
0-0: Called Strike 0-1: Called Strike 0-2: Ball 1-2: Strikes out swinging
|
|
Batting: RHB Wing-kit Bu
|
0-0: Ball 1-0: Ball 2-0: Called Strike 2-1: Called Strike 2-2: SINGLE (Line Drive, 9LS, EV 92.5 MPH)
|
|
Pitching: RHP Josh Sandoval
|
|
|
Batting: SHB Benjamin Brown
|
0-0: Called Strike 0-1: 2-RUN HOME RUN (Flyball, 9D, EV 98.1 MPH), Distance : 385 ft
|
|
Batting: RHB Tim Nettles
|
0-0: Ball 1-0: Fly out, F8 (Flyball, 8LM, EV 82.5 MPH)
|
| Top of the 10th over - 2 runs, 2 hits, 0 errors, 0 left on base; Los Angeles 8 - Houston 6 |
| BOTTOM OF THE 10TH |
|
Houston Astros batting - Pitching for Los Angeles Dodgers : LHP Gavin White
|
|
Pitching: RHP Geoff Mooney
|
|
|
Now at 1B: John Piccolo
|
|
|
Batting: LHB Eric Katz
|
0-0: Ball 1-0: Called Strike 1-1: Ball 2-1: Foul Ball, location: 2F 2-2: Strikes out swinging
|
|
Batting: LHB Bryce Hill
|
0-0: Ball 1-0: Ball 2-0: Called Strike 2-1: Foul Ball, location: 2F 2-2: Strikes out swinging
|
|
Pinch Hitting: LHB Josh Birkner
|
0-0: Ball 1-0: Ball 2-0: Called Strike 2-1: Ball 3-1: Base on Balls
|
|
Batting: LHB Jack Christie
|
0-0: Called Strike 0-1: Ball 1-1: Ball 2-1: Foul Ball, location: 2F 2-2: Ball 3-2: Base on Balls Josh Birkner to second
|
|
Batting: RHB Jeremy Trump
|
0-0: Ball 1-0: Fly out, F8 (Flyball, 8LS, EV 83.8 MPH)
|
| Bottom of the 10th over - 0 runs, 0 hits, 0 errors, 2 left on base; Los Angeles 8 - Houston 6 |
|